Map: Submarine LE

Players

ViBE - Winner!

  • Race: Protoss Protoss
  • League: Gold
  • Spawn Location: 5:00

Gnome

  • Race: Protoss Protoss
  • Spawn Location: 11:00

VOD

Have the link to the VOD?

Description

Time

  • Played on: March 19, 2021, 11:55 p.m.
  • Length: 10:52
Show
View Real Time Build Order
Export as new Build Order

ViBE Protoss - Winner!

Build Orders: 1 Gate Expand, Archon Immortal 

Get SALT Encoding   

  12  0:00  Probe  
  13  0:12  Probe  
  14  0:17  Pylon  
  14  0:25  Probe  
  15  0:38  Probe (Chrono Boost), Gateway  
  16  0:43  Assimilator  
  16  0:47  Probe (Chrono Boost)  
  17  0:55  Probe  
  18  1:07  Probe  
  19  1:19  Probe  
  20  1:27  Nexus  
  20  1:34  Cybernetics Core  
  20  1:38  Probe  
  21  1:42  Assimilator  
  21  1:51  Probe  
  21  1:52  Pylon  
  22  2:06  Probe  
  23  2:12  Stalker, Warp Gate  
  25  2:19  Probe  
  26  2:24  Pylon  
  26  2:31  Probe  
  27  2:39  Probe  
  27  2:43  Probe  
  29  2:50  Sentry  
  32  2:51  Probe (Chrono Boost)  
  32  2:56  Probe (Chrono Boost)  
  33  3:03  Probe (Chrono Boost)  
  35  3:06  Probe (Chrono Boost)  
  35  3:09  Probe (Chrono Boost)  
  35  3:11  Probe (Chrono Boost)  
  36  3:17  Probe, Robotics Facility  
  38  3:22  Stalker  
  40  3:30  Gateway  
  40  3:32  Probe x2 (Chrono Boost)  
  42  3:35  Shield Battery  
  42  3:44  Probe x2 (Chrono Boost)  
  44  3:49  Probe x2 (Chrono Boost)  
  46  3:58  Probe x2, Pylon  
  46  4:02  Pylon  
  48  4:05  Pylon, Stalker  
  48  4:06  Observer  
  51  4:12  Probe x2  
  53  4:23  Nexus  
  53  4:25  Probe x2  
  53  4:27  Pylon  
  53  4:28  Stalker x2  
  53  4:30  Pylon  
  59  4:33  Assimilator  
  59  4:34  Assimilator  
  59  4:45  Immortal  
  63  4:53  Probe x2  
  65  5:04  Stalker x2  
  65  5:05  Probe x2  
  71  5:17  Probe x2  
  71  5:18  Twilight Council  
  71  5:19  Forge  
  71  5:20  Forge  
  73  5:24  Immortal  
  77  5:29  Probe x2  
  77  5:32  Stalker x2  
  83  5:38  Probe  
  83  5:41  Probe (Chrono Boost)  
  83  5:42  Probe (Chrono Boost)  
  86  5:51  Probe (Chrono Boost)  
  86  5:53  Probe (Chrono Boost)  
  86  5:54  Probe (Chrono Boost)  
  89  6:00  Stalker x2  
  89  6:01  Probe x2 (Chrono Boost)  
  89  6:02  Probe (Chrono Boost)  
  95  6:05  Probe (Chrono Boost), Charge  
  95  6:08  Protoss Ground Weapons Level 1 (Chrono Boost), Protoss Ground Armor Level 1 (Chrono Boost)  
  91  6:11  Probe x2  
  91  6:16  Probe, Immortal  
  96  6:23  Probe x2  
  96  6:29  Probe, Stalker x2  
  95  6:33  Nexus  
  95  6:36  Pylon  
  95  6:39  Pylon  
  95  6:53  Probe x3  
  98  6:58  Pylon  
  98  7:00  Pylon  
  98  7:05  Assimilator x2  
  98  7:11  Zealot x2  
  98  7:12  Immortal  
  106  7:26  Gateway  
  106  7:27  Gateway  
  106  7:29  Gateway  
  106  7:33  Gateway  
  106  7:35  Zealot  
  106  7:36  Gateway, Zealot  
  110  7:37  Gateway  
  110  7:39  Probe  
  110  7:40  Probe x2  
  110  7:41  Templar Archives  
  113  7:51  Probe  
  113  7:56  Immortal  
  113  7:57  Zealot x2  
  122  8:01  Probe x3  
  122  8:02  Protoss Ground Weapons Level 2 (Chrono Boost), Protoss Ground Armor Level 2 (Chrono Boost)  
  122  8:04  Probe  
  122  8:05  Nexus  
  126  8:06  Pylon  
  126  8:10  Pylon  
  126  8:24  Assimilator x2  
  126  8:28  Zealot x2  
  126  8:29  Zealot x5  
  126  8:33  Probe, Zealot  
  126  8:34  Probe x3  
  145  8:35  Immortal  
  150  8:47  Probe x2  
  152  8:57  Gateway  
  152  8:58  Gateway  
  152  9:00  Gateway  
  152  9:02  Gateway, High Templar  
  152  9:03  High Templar x2  
  152  9:04  High Templar  
  152  9:05  High Templar x3  
  152  9:06  High Templar  
  168  9:10  Archon x4  
  168  9:22  Pylon  
  168  9:25  Pylon  
  168  9:27  Pylon  
  168  9:30  Pylon  
  168  9:41  Zealot  
  168  9:42  Zealot x4  
  168  9:43  Zealot x3  
  184  9:48  Immortal  
  188  9:55  Zealot x2  
  188  9:56  Zealot x2  
  194  10:09  Zealot x3  
  198  10:25  Gateway  
  198  10:26  Gateway  
  196  10:29  Gateway  
  196  10:31  Robotics Facility  
  196  10:32  Gateway  
  196  10:34  Gateway  
  184  10:37  Gateway  
  184  10:42  High Templar x3  
  184  10:43  High Templar x3  
  184  10:44  High Templar x2  
Show
View Real Time Build Order
Export as new Build Order

Gnome Protoss 

Build Orders:  

Get SALT Encoding   

  12  0:00  Probe (Chrono Boost)  
  13  0:12  Probe (Chrono Boost)  
  14  0:20  Pylon  
  14  0:24  Probe (Chrono Boost)  
  15  0:39  Gateway  
  15  0:42  Probe  
  16  0:52  Assimilator  
  16  0:54  Probe (Chrono Boost)  
  17  1:06  Probe (Chrono Boost)  
  18  1:15  Probe (Chrono Boost)  
  19  1:29  Cybernetics Core  
  19  1:32  Probe  
  20  1:36  Pylon  
  20  1:44  Probe  
  20  1:46  Assimilator  
  21  1:56  Probe  
  21  1:57  Gateway  
  21  2:00  Gateway  
  22  2:02  Warp Gate (Chrono Boost)  
  22  2:08  Probe  
  23  2:20  Probe  
  24  2:28  Gateway  
  25  2:37  Probe  
  25  2:40  Pylon  
  25  2:43  Stalker  
  27  2:49  Probe  
  27  2:51  Stalker  
  30  2:58  Stalker  
  32  3:05  Pylon  
  32  3:16  Stalker  
  34  3:28  Stalker  
  36  3:42  Pylon  
  36  3:43  Pylon  
  36  3:44  Pylon  
  36  3:57  Stalker x2  
  36  4:01  Stalker x2  
  40  4:13  Stalker  
  42  4:22  Probe  
  43  4:34  Probe  
  44  4:44  Pylon  
  44  4:48  Stalker x3  
  50  5:01  Pylon  
  50  5:02  Pylon  
  49  5:16  Stalker x3  
  55  5:22  Stalker  
  57  5:43  Sentry x3  
  57  5:45  Nexus  
  57  5:46  Sentry  
  57  6:16  Stalker x2  
  57  6:17  Stalker  
  51  6:19  Stalker  
  43  6:48  Stalker x3  
  43  6:50  Zealot  
  51  6:55  Probe (Chrono Boost)  
  52  7:06  Probe (Chrono Boost)  
  52  7:08  Probe (Chrono Boost)  
  54  7:14  Probe (Chrono Boost)  
  56  7:16  Probe (Chrono Boost)  
  56  7:20  Twilight Council  
  56  7:22  Probe (Chrono Boost), Pylon  
  57  7:32  Probe (Chrono Boost)  
  57  7:35  Pylon  
  58  7:37  Probe (Chrono Boost)  
  58  7:39  Probe  
  60  7:48  Probe  
  60  7:51  Probe  
  62  8:00  Probe  
  62  8:03  Probe  
  62  8:04  Assimilator  
  64  8:08  Assimilator  
  64  8:09  Charge  
  64  8:12  Probe (Chrono Boost)  
  66  8:20  Probe (Chrono Boost)  
  66  8:24  Probe (Chrono Boost)  
  67  8:29  Probe x2 (Chrono Boost)  
  69  8:39  Probe (Chrono Boost)  
  71  8:43  Zealot x4  
  71  8:45  Probe (Chrono Boost)  
  79  8:54  Gateway  
  79  8:56  Gateway  
  79  8:59  Gateway  
  79  9:06  Zealot x3  
  85  9:15  Robotics Facility  
  85  9:22  Probe (Chrono Boost)  
  86  9:30  Zealot x2  
  86  9:31  Probe (Chrono Boost), Zealot  
  94  9:32  Probe (Chrono Boost)  
  94  9:38  Probe  
  95  9:39  Zealot  
  97  9:52  Dark Shrine  
  96  9:57  Zealot  
  96  9:58  Zealot x3  
  104  10:14  Zealot x3  
Tags
 
Composition
Archon Immortal
League
Gold
Matchup
PvP
Player
ViBE
Replay Pack
Gold_League
Spawn Locations
Cross Positions
Add a new tag
Caveats
  • Supply blocks, unpowered buildings, or Contaminate may cause inaccurate times.
  • Supply counts are checked every 10 seconds.